 Dungeon Crawl Stone Soup version 0.29-a0-375-g5102b3be25 (webtiles) character file.

Game seed: 1093227928735297310

427 Hubjo the Firebug (level 6, 0/36 HPs)
             Began as a Deep Elf Fire Elementalist on May 3, 2022.
             Was a Believer of the Shining One.
             Killed by divine providence
             ... invoked by an orc priest
              (14 damage)
             ... on level 4 of the Dungeon on May 4, 2022.
             The game lasted 00:11:06 (5771 turns).

Hubjo the Firebug (Deep Elf Fire Elementalist)      Turns: 5771, Time: 00:11:06

Health: 0/36       AC:  6    Str:  5    XL:     6   Next: 65%
Magic:  15/15      EV: 17    Int: 20    God:    the Shining One [**....]
Gold:   239        SH:  0    Dex: 17    Spells: 10/15 levels left

rFire   . . .      SeeInvis .   p - +3 short sword (flame)
rCold   . . .      Faith    .   (no shield)
rNeg    + . .      Spirit   .   a - +0 robe
rPois   .          Reflect  .   (no helmet)
rElec   .          Harm     .   (no cloak)
rCorr   .          Rampage  .   (no gloves)
Will    .....                   (no boots)
Stlth   +.........              s - amulet of magic regeneration
HPRegen 0.12/turn               d - +4 ring of protection
MPRegen 0.54/turn               e - +4 ring of evasion

@: mighty, glowing
A: no striking features
a: Renounce Religion, Divine Shield


You were on level 4 of the Dungeon.
You worshipped the Shining One.
The Shining One was pleased with you.
You visited 1 branch of the dungeon, and saw 5 of its levels.

You collected 239 gold pieces.

Inventory:

Hand Weapons
 p - a +3 short sword of flaming (weapon)
Armour
 a - a +0 robe (worn)
 m - a +0 cloak
 x - the +2 cloak of Zin's Grace {rN++ MP+9 Str-5 Int+4}
   (You found it on level 4 of the Dungeon)

   Str:       It affects your strength (-5).
   Int:       It affects your intelligence (+4).
   rN:        It greatly protects you from negative energy.
   MP:        It affects your magic capacity (+9).
Jewellery
 d - a +4 ring of protection (left hand)
 e - a +4 ring of evasion (right hand)
 s - an amulet of magic regeneration (around neck)
 t - a +6 ring of dexterity
Scrolls
 c - a scroll of torment
 f - a scroll of enchant armour
 h - a scroll of vulnerability
 n - 3 scrolls of magic mapping
 v - a scroll of silence
Potions
 b - a potion of magic
 i - a potion of attraction {unknown}
 j - a potion of cancellation
 k - 2 potions of invisibility
 l - a potion of lignification {unknown}


   Skills:
 + Level 2.9 Fighting
 - Level 2.4 Dodging
 + Level 4.6 Stealth
 + Level 5.0 Spellcasting
 - Level 1.1 Conjurations
 * Level 5.3 Fire Magic


You had 10 spell levels left.
You knew the following spells:

 Your Spells              Type           Power      Damage    Failure   Level
a - Foxfire               Conj/Fire      68%        2x1d7     3%          1
b - Flame Wave            Conj/Fire      17%        2d6       30%         4

Your spell library contained the following spells:

 Spells                   Type           Power      Damage    Failure   Level
 Scorch                   Fire           52%        2d7       1%          2
 Conjure Flame            Conj/Fire      17%        6-21      10%         3
 Inner Flame              Hex/Fire       15%        N/A       12%         3


Dungeon Overview and Level Annotations

Branches:
Dungeon (5/15)
 Temple: D:4-7

Altars:
Gozag
Hepliaklqana
Qazlal
The Shining One

Shops:
D:1 (   D:4 (


Message History

The orc priest hits you with a +0 mace.
The orc priest begins to cast a cantrip, but forgets the words!
The orc wizard casts a spell.
The orc wizard flickers and vanishes for a moment.
In your confused state, you trip and fall back down the stairs.
The orc priest completely misses you. The orc priest misses you.
The orc priest hits you but does no damage.
The orc priest closely misses you. The orc wizard misses you.
You climb upwards.
There is a stone staircase leading down, spattered with blood here.
You feel very mighty all of a sudden.
You feel less confused. The orc priest barely misses you.
The orc priest misses you.
The orc wizard hits you but does no damage.
You hit the orc wizard. You burn the orc wizard.
The orc wizard is heavily wounded.
The orc priest casts a cantrip, but nothing happens.
The orc priest misses you.
The orc wizard hits you but does no damage.
You barely miss the orc wizard.
The orc wizard is heavily wounded.
The orc priest looks satisfied for a moment.
The orc priest hits you with a +0 mace. The orc wizard completely misses you.
You hit the orc wizard. You burn the orc wizard.
The orc wizard is severely wounded.
The orc priest completely misses you. The orc priest barely misses you.
The orc wizard hits you but does no damage.
You puncture the orc wizard! You burn the orc wizard.
You kill the orc wizard!
The orc priest barely misses you.
The orc priest invokes the aid of Beogh against you.
Beogh smites you!
You are too injured to fight recklessly!
You puncture the orc priest! You burn the orc priest.
You kill the orc priest!
The Shining One accepts your kill. The orc priest hits you with a +0 mace.
Your Spellcasting skill increases to level 5!
The orc priest mumbles some strange prayers to Beogh against you.
Beogh smites you!
You die...

....# #....##...# #.#.########
....# ####.##...# #.#.# #####
....# #.##..## #.#.# ##....
....#### #.##..######...###.....
.......# #.##..##...###.##......
....##.####......'.......##._.≈P≈
##'###.#.....##..#...######...P⌠P
#.....#.###.##..##### #._.P..
#....##.###.###@# #......
#.##......#...)># ##.._..
##.##..#.......o## ##....
...##....#.####.### #####
######.#...# #...#
.......##########.#
#########.......#.#
....#...#'#####.#.# ....#.#....#
#.#.#


You could see an orc priest.

Vanquished Creatures
  An ogre (D:4)
  A howler monkey (D:2)
  2 orc priests (D:4)
  Jessica (D:3)
  2 orc wizards (D:4)
  4 gnolls (D:4)
  4 adders
  A worm (D:2)
  2 dart slugs
  12 orcs (D:4)
  9 ball pythons
  7 endoplasms
  A giant cockroach (D:2)
  8 goblins
  9 hobgoblins
  3 jackals (D:3)
  2 quokkas
  5 bats
  3 frilled lizards
  8 kobolds
  3 rats (D:1)
88 creatures vanquished.

Vanquished Creatures (others)
  369 foxfires
369 creatures vanquished.

Grand Total: 457 creatures vanquished

Notes
Turn   | Place    | Note
-------+----------+-------------------------------------------
     0 | D:1      | Hubjo the Deep Elf Fire Elementalist began the quest for
                  | the Orb.
     0 | D:1      | Reached XP level 1. HP: 10/10 MP: 6/6
   448 | D:1      | Reached XP level 2. HP: 15/16 MP: 2/8
   605 | D:1      | Found Tuiqyuniry's Weapon Shop.
   675 | D:1      | Found a faded altar of an unknown god.
   692 | D:1      | Prayed at the altar of an unknown god.
   692 | D:1      | Became a worshipper of the Shining One
   692 | D:1      | Reached * piety under the Shining One
   906 | D:1      | Reached skill level 1 in Fighting
  1764 | D:2      | Reached XP level 3. HP: 20/20 MP: 6/9
  1790 | D:2      | Found an opulent altar of Gozag.
  2442 | D:2      | Reached XP level 4. HP: 26/26 MP: 3/11
  2901 | D:3      | Noticed Jessica
  2909 | D:3      | Killed Jessica
  2909 | D:3      | Reached ** piety under the Shining One
  3209 | D:3      | Reached XP level 5. HP: 30/30 MP: 5/13
  3296 | D:3      | Noticed a fire elemental
  3298 | D:3      | Found a stormy altar of Qazlal.
  3299 | D:3      | Noticed a water elemental
  3299 | D:3      | Noticed an air elemental
  3666 | D:3      | Learned a level 4 spell: Flame Wave
  4053 | D:4      | Found a faded altar of an unknown god.
  4053 | D:4      | Found a faded altar of an unknown god.
  4055 | D:4      | Found a hazy altar of Hepliaklqana.
  4055 | D:4      | Found a faded altar of an unknown god.
  4120 | D:4      | Identified the +2 cloak of Zin's Grace {rN++ MP+9 Str-5
                  | Int+4}
  4127 | D:4      | Lost strength.
  4633 | D:4      | Reached XP level 6. HP: 31/36 MP: 10/14
  4702 | D:4      | Found Dumur's Weapon Emporium.
  4944 | D:5      | Entered Level 5 of the Dungeon
  4964 | D:4      | Reached skill level 5 in Fire Magic
  5771 | D:4      | Reached skill level 5 in Spellcasting
  5771 | D:4      | Killed from afar by an orc priest

Illustrated notes

Levels and vault maps discovered:
D:1:      lemuel_arrival_river_ford, layout_basic,
          dreamdust_ecumenical_altar_statues, serial_shops,
          nicolae_lakefront_shop
D:2:      layout_rooms, basic_altar
D:3:      layout_basic, nicolae_qazlal_style_of_elements, uniq_jessica
D:4:      layout_basic, nicolae_hepliaklqana_ecumenical_no_more, serial_shops,
          nicolae_shop_trees, minmay_misc_feat_five
D:5:      layout_loops_ring, vehumet_statue, gammafunk_ghost_hive, uniq_duvessa

Skill      XL: |  1  2  3  4  5  6 |
---------------+-------------------+-----
Fighting       | 1 2 |  2.9
Stealth        | 3 4 |  4.6
Fire Magic     | 4 5 |  5.3
Spellcasting   | 4 5 |  5.0
Dodging        | |  2.4
Conjurations   | |  1.1

Action                   |  1- 3 |  4- 6 || total
-------------------------+-------+-------++-------
Melee: Short sword       |       |    61 ||    61
 Cast: Foxfire           |   141 |   100 ||   241
Invok: Divine Shield     |       |     1 ||     1
  Use: Scroll            |       |    12 ||    12
       Potion            |       |     5 ||     5
Armor: Robe              |     7 |    16 ||    23
Dodge: Dodged            |    29 |    67 ||    96
Block: Other             |       |     3 ||     3

Table legend: (Time is in decaauts)
 A = Elapsed time spent in this place.
 B = Non-inter-level travel time spent in this place.
 C = Inter-level travel time spent in this place.
 D = Time resting spent in this place.
 E = Time spent auto-exploring this place.
 F = Levels seen in this place.
 G = Mean time per level.
                   A        B        C        D        E       F      G
               +--------+--------+--------+--------+--------+-----+--------+
         Total |   5798 |   5707 |     91 |    614 |   4355 |   5 | 1159.6 |
       Dungeon |   5798 |   5707 |     91 |    614 |   4355 |   5 | 1159.6 |
               +--------+--------+--------+--------+--------+-----+--------+

Top non-repeatable levels by time:
     D:4: 2073 daAuts
     D:1: 1617 daAuts
     D:2: 1117 daAuts
     D:3: 934 daAuts
     D:5: 54 daAuts
